 Dungeon Crawl Stone Soup version 0.21.0-3-g78d12a8 (webtiles) character file.

229 shmeve the Chopper (level 5, -2/48 HPs)
             Began as a Minotaur Berserker on Jan 11, 2018.
             Was a Believer of Trog.
             Killed by divine providence
             ... invoked by an orc priest
              (13 damage)
             ... on level 4 of the Dungeon.
             The game lasted 00:02:30 (1586 turns).

shmeve the Chopper (Minotaur Berserker)             Turns: 1586, Time: 00:02:32

Health: -2/48      AC:  3    Str: 23    XL:     5   Next: 71%
Magic:  4/4        EV: 13    Int:  4    God:    Trog [**....]
Gold:   40         SH:  0    Dex:  9    Spells: 4/4 levels left

rFire    . . .     SeeInvis .   a - +0 hand axe
rCold    . . .     Gourm    .   (no shield)
rNeg     . . .     Faith    .   b - +0 animal skin
rPois    .         Spirit   .   (helmet restricted)
rElec    .         Reflect  .   (no cloak)
rCorr    .         Harm     .   (no gloves)
MR       .....                  f - +0 pair of boots
Stlth    +.........             (no amulet)
HPRegen  0.16/turn              (no ring)
MPRegen  0.09/turn              (no ring)

@: no status effects
A: retaliatory headbutt, horns 2
a: Berserk, Trog's Hand, Burn Spellbooks, Renounce Religion


You were on level 4 of the Dungeon.
You worshipped Trog.
Trog was pleased with you.
You were not hungry.

You visited 1 branch of the dungeon, and saw 3 of its levels.

You collected 40 gold pieces.

Inventory:

Hand Weapons
 a - a +0 hand axe (weapon)
Armour
 b - a +0 animal skin (worn)
 f - a +0 pair of boots (worn)
Scrolls
 d - 2 scrolls of fog {unknown}
 e - a scroll of magic mapping {unknown}
 h - 3 scrolls of identify {unknown}
 i - 5 scrolls of teleportation {unknown}
 j - 2 scrolls of fear {unknown}
 m - a scroll of amnesia {unknown}
 n - a scroll of remove curse {unknown}
Potions
 g - a potion of curing {unknown}
 k - 2 potions of heal wounds {unknown}
 o - a potion of haste {unknown}
Comestibles
 c - 6 rations
 l - 3 chunks of flesh


   Skills:
 * Level 5.1 Fighting
 * Level 5.2 Axes
 + Level 1.7 Throwing
 + Level 3.5 Armour
 + Level 3.1 Dodging


You had 4 spell levels left.
You didn't know any spells.

Dungeon Overview and Level Annotations

Branches:
Dungeon (2/15)

Altars:
Okawaru


Innate Abilities, Weirdness & Mutations

You reflexively headbutt those who attack you in melee.
You have a pair of horns on your head.


Message History

h - 3 scrolls labeled DIRODD NUOCIXA (gained 1)
Found a stone staircase leading up.
You now have 40 gold pieces (gained 7).
o - a black potion An orc comes into view.
It is wielding a falchion.
The orc shouts!
You hear a shout! x4; You hear an angry hiss. x2
An adder and an orc priest come into view.
You see here a ration.
c - 6 rations (gained 1)
The orc priest calls down the wrath of Beogh upon you.
Beogh smites you!
* * * LOW HITPOINT WARNING * * *
The orc closely misses you. The adder completely misses you.
You hit the orc.
The orc is moderately wounded.
You barely miss the adder. The adder misses you. You furiously retaliate!
You headbutt the adder!
The orc priest invokes the aid of Beogh against you.
Beogh smites you!
You die...

#.# #.# #.#
####.# .....
##..# #
.####..S##.#.#
........@o.o.#
#####...##.###
##.## # #.#
#.# #.# #.#
#.# #.#


You could see an orc priest, an adder and an orc.

Vanquished Creatures
  A phantom (D:4)
  A howler monkey (D:4)
  An iguana (D:4)
  A worker ant (D:4)
  2 adders (D:2)
  A dart slug (D:1)
  6 leopard geckos
  2 goblins (D:1)
  5 hobgoblins
  5 kobolds
  3 bats (D:1)
  3 frilled lizards
  A quokka skeleton (D:4)
  7 rats
39 creatures vanquished.

Notes
Turn   | Place    | Note
-------+----------+-------------------------------------------
     0 | D:1      | shmeve the Minotaur Berserker began the quest for the Orb.
     0 | D:1      | Reached XP level 1. HP: 19/19 MP: 0/0
   101 | D:1      | Reached XP level 2. HP: 27/27 MP: 1/1
   732 | D:1      | Reached ** piety under Trog
   944 | D:2      | Reached XP level 3. HP: 33/33 MP: 2/2
  1023 | D:2      | Reached skill level 1 in Throwing
  1025 | D:2      | Found an iron altar of Okawaru.
  1221 | D:2      | You fall through a shaft for 2 floors!
  1221 | D:4      | Noticed a phantom
  1246 | D:4      | Killed a phantom
  1246 | D:4      | Reached XP level 4. HP: 21/41 MP: 3/3
  1246 | D:4      | Reached XP level 5. HP: 24/47 MP: 4/4
  1422 | D:4      | Reached skill level 5 in Fighting
  1422 | D:4      | Reached skill level 5 in Axes
  1586 | D:4      | Killed from afar by an orc priest

Skill      XL: |  1  2  3  4  5 |
---------------+----------------+-----
Fighting       | 4 5 |  5.1
Axes           | 4 5 |  5.2
Throwing       | 1 |  1.7
Armour         | 3 |  3.5
Dodging        | 3 |  3.1

Action                   |  1- 3 |  4- 6 || total
-------------------------+-------+-------++-------
Melee: Hand axe          |    69 |    22 ||    91
       Headbutt          |     7 |     4 ||    11
  Eat: Chunk             |     1 |     1 ||     2
Armor: Animal skin       |    14 |     4 ||    18
Dodge: Dodged            |    56 |    17 ||    73
